 Seeded DCSS version 0.32-a0-450-g080537f31e (webtiles) character file.

Game seed: 6965631656755398118 (custom seed)

3444 CougarLife the Geomancer (level 10, -11/50 HPs)
             Began as a Gargoyle Earth Elementalist on Feb 23, 2024.
             Was an Initiate of Gozag.
             Mangled by a manticore (13 damage)
             ... on level 8 of the Dungeon.
             The game lasted 00:09:04 (8647 turns).

CougarLife the Geomancer (GrEE)                     Turns: 8647, Time: 00:09:04

Health: -11/50     AC: 12    Str: 12    XL:     10   Next: 5%
Magic:  21/21      EV: 11    Int: 20    God:    Gozag
Gold:   710        SH:  0    Dex: 10    Spells: 20/24 levels left

rFire   . . .        f - +1 dagger (venom)
rCold   . . .        (no shield)
rNeg    + . .        C - +1 robe {Will+}
rPois   ∞            j - +0 helmet
rElec   +            (no cloak)
rCorr   .            (no gloves)
SInv    .            A - +0 pair of boots
Will    +....        (no amulet)
Stlth   ++           u - +4 ring of slaying
HPRegen 0.28/turn    (no ring)
MPRegen 0.17/turn

%: no passive effects
@: no status effects
A: sickness immunity, AC +7, negative energy resistance 1, electricity
resistance, torment resistance 1, petrification resistance
a: Renounce Religion, Potion Petition, Call Merchant, Bribe Branch


You were on level 8 of the Dungeon.
You worshipped Gozag.
Gozag was pleased with you.
You visited 2 branches of the dungeon, and saw 9 of its levels.

You collected 817 gold pieces.
You paid 107 gold pieces to Gozag.

Inventory:

Hand Weapons
 f - a +1 dagger of venom (weapon)
Armour
 j - a +0 helmet (worn)
 A - a +0 pair of boots (worn)
 C - a +1 robe of willpower (worn)
Jewellery
 u - a +4 ring of slaying (left hand)
 B - a ring of protection from fire
Wands
 g - a wand of roots (18)
 p - a wand of mindburst (12)
 w - a wand of flame (20)
Scrolls
 a - a scroll of fog {unknown}
 c - a scroll of acquirement {unknown}
 k - 4 scrolls of identify {unknown}
 l - 2 scrolls of amnesia {unknown}
 r - 2 scrolls of poison {unknown}
 s - a scroll of noise {unknown}
 v - a scroll of enchant armour {unknown}
 y - a scroll of silence {unknown}
Potions
 d - 4 potions of enlightenment {unknown}
 e - a potion of heal wounds {unknown}
 h - a potion of resistance {unknown}
 i - a potion of lignification {unknown}
 m - 2 potions of curing {unknown}
 n - a potion of invisibility {unknown}
 o - a potion of cancellation {unknown}
 q - 2 potions of attraction {unknown}
 t - 3 potions of haste {unknown}
 x - 2 potions of might {unknown}
 z - a potion of brilliance {unknown}


   Skills:
 - Level 1.5 Dodging
 - Level 2.1 Stealth
 + Level 7.8 Spellcasting
 + Level 8.8 Conjurations
 + Level 10.2 Earth Magic


You had 20 spell levels left.
You knew the following spells:

 Your Spells              Type           Power      Damage    Failure   Level
a - Sandblast             Erth           96%        2d20      1%          1
b - Stone Arrow           Conj/Erth      92%        3d12      1%          3

Your spell library contained the following spells:

 Spells                   Type           Power      Damage    Failure   Level
 Passwall                 Erth           48%        N/A       1%          3
 Brom's Barrelling Bould  Conj/Erth      46%        2d6       1%          4
 Momentum Strike          Conj/Tloc      50%        3d9       2%          2
 Petrify                  Alch/Erth      28%        N/A       11%         4
 Blink                    Tloc           14%        N/A       13%         2
 Lesser Beckoning         Tloc           14%        N/A       13%         2
 Borgnjor's Vile Clutch   Necr/Erth      14%        N/A       28%         5
 Manifold Assault         Tloc           7%         N/A       65%         4
 Death Channel            Necr           3%         N/A       100%        6
 Dispersal                Tloc           3%         N/A       100%        6
 Disjunction              Tloc           3%         N/A       100%        8
 Animate Dead             Necr           Unusable   N/A       N/A         4

Dungeon Overview and Level Annotations

Branches:
Dungeon (8/15)             Temple (1/1) D:6
   Lair: D:8-11

Altars:
Ashenzari
Cheibriados
Elyvilon
Gozag
Makhleb
Nemelex Xobeh
Okawaru
Ru
Sif Muna
Uskayaw
Xom
Yredelemnul
Zin
The Shining One
Beogh

Shops:
D:1 (!   D:2 *   D:3 [   D:7 *

Annotations:
D:3 3 runed translucent doors, DaftaChap's ghost, amateur DrEE


Innate Abilities, Weirdness & Mutations

You are immune to sickness and miasma.
Your stone body is resilient. (AC +7)
You are immune to poison.
You resist negative energy. (rN+)
You are resistant to electric shocks. (rElec)
You are resistant to unholy torment.
You are immune to petrification.


Message History

The manticore claws you!
Casting: Stone Arrow (safe; 1% risk of failure)
Confirm with . or Enter, or press ? or * to list all spells.
Aiming: Stone Arrow (safe; 1% risk of failure)
Press: ? - help, Shift-Dir - straight line, f/p - manticore
Aim: a manticore (moderately wounded, 85% to hit)
The stone arrow hits the manticore!
The manticore is heavily wounded.
The manticore closely misses you. The manticore barely misses you.
The manticore claws you.
Casting: Stone Arrow (safe; 1% risk of failure)
Confirm with . or Enter, or press ? or * to list all spells.
Aiming: Stone Arrow (safe; 1% risk of failure)
Press: ? - help, Shift-Dir - straight line, f/p - manticore
Aim: a manticore (heavily wounded, 85% to hit)
The stone arrow misses the manticore.
The manticore closely misses you. The manticore claws you!
* * * LOW HITPOINT WARNING * * *
The manticore claws you!
* * * LOW HITPOINT WARNING * * *
Okay, then.
Casting: Stone Arrow (safe; 1% risk of failure)
Confirm with . or Enter, or press ? or * to list all spells.
Aiming: Stone Arrow (safe; 1% risk of failure)
Press: ? - help, Shift-Dir - straight line, f/p - manticore
Aim: a manticore (heavily wounded, 85% to hit)
The stone arrow hits the manticore.
The manticore is heavily wounded.
The manticore bites you but does no damage.
The manticore closely misses you. x2
Casting: Stone Arrow (safe; 1% risk of failure)
Confirm with . or Enter, or press ? or * to list all spells.
You don't have enough magic to cast this spell.
Unknown command.
Casting: Stone Arrow (safe; 1% risk of failure)
Confirm with . or Enter, or press ? or * to list all spells.
You don't have enough magic to cast this spell.
Magic courses through your body. The manticore bites you!
You die...
Your body crumbles into a pile of gold.

# .. ### ...
##..# .... ##...#
.....###...######
.......$)@H.....#
......$...##..[.#
.....$$....# ..#
.....$###.## #
.....# ....#..#
..... ....#...
.... ........ ###
....
.......?.##.$#
... ...........


You could see a manticore.

Vanquished Creatures
  Pikel (D:7)
  2 yaks (D:7)
  Eustachio (D:5)
  A water moccasin (D:6)
  A black bear (D:6)
  2 orc warriors
  4 ogres
  A centaur (D:7)
  3 lemures (D:7)
  2 kobold brigands
  A phantom (D:3)
  A bullfrog (D:7)
  A gnoll sergeant (D:5)
  4 scorpions
  4 wights (D:6)
  A bombardier beetle (D:3)
  2 jellies
  2 hounds (D:5)
  2 gnoll boudas
  3 orc priests
  Ijyb (D:3)
  Natasha (thrice) (D:2)
  2 iguanas
  7 orc wizards
  Robin (D:2)
  9 gnolls
  11 adders
  A shadow imp (D:7)
  A white imp (D:6)
  2 ufetubi (D:6)
  2 ribbon worms
  A dart slug (D:4)
  19 orcs
  7 ball pythons
  7 bats
  7 endoplasms
  3 giant cockroaches
  10 goblins (D:2)
  7 hobgoblins
  7 jackals
  16 kobolds
  3 quokkas (D:2)
  3 frilled lizards (D:1)
  2 rats (D:1)
171 creatures vanquished.

Notes
Turn   | Place    | Note
-------+----------+-------------------------------------------
     0 | D:1      | CougarLife the Gargoyle Earth Elementalist began the quest
                  | for the Orb.
     0 | D:1      | Reached XP level 1. HP: 10/10 MP: 3/3
    84 | D:1      | Found Ashripp's Weapon Shoppe.
   139 | D:1      | Reached XP level 2. HP: 13/15 MP: 0/5
   331 | D:1      | Reached skill level 4 in Earth Magic
   401 | D:1      | Found Baxzixzy's Distillery.
   551 | D:1      | Reached XP level 3. HP: 19/19 MP: 4/6
  1487 | D:2      | Noticed Natasha
  1491 | D:2      | Killed Natasha
  1492 | D:2      | Reached XP level 4. HP: 18/24 MP: 5/8
  1561 | D:2      | Noticed Natasha
  1569 | D:2      | Killed Natasha
  1662 | D:2      | Identified the +2 kite shield of Untold Secrets {Str+4
                  | Int+5 Slay-3 SInv}
  1670 | D:2      | Noticed Robin
  1685 | D:2      | Killed Robin
  1686 | D:2      | Reached XP level 5. HP: 21/28 MP: 2/9
  1708 | D:2      | Noticed Natasha
  1719 | D:2      | Killed Natasha
  1720 | D:2      | Reached skill level 5 in Earth Magic
  1888 | D:2      | Found Sozous's Assorted Antiques.
  2177 | D:3      | Noticed a phantom
  2180 | D:3      | Killed a phantom
  2181 | D:3      | Reached XP level 6. HP: 30/32 MP: 7/11
  2227 | D:3      | Learned a level 3 spell: Stone Arrow
  2292 | D:3      | Noticed Ijyb
  2299 | D:3      | Killed Ijyb
  2480 | D:3      | Found Tiomocil's Antique Armour Boutique.
  2917 | D:3      | Found a runed translucent gate.
  2924 | D:3      | Found a runed translucent gate.
  2924 | D:3      | Identified the +1 leather armour of Insurance {Rampage
                  | rCorr}
  2925 | D:3      | Found a runed translucent gate.
  2926 | D:3      | Noticed DaftaChap's ghost (amateur DrEE)
  3067 | D:3      | Found a roughly hewn altar of Beogh.
  3994 | D:4      | Reached skill level 6 in Earth Magic
  3994 | D:4      | Reached XP level 7. HP: 36/36 MP: 6/13
  4387 | D:5      | Entered Level 5 of the Dungeon
  4720 | D:5      | Noticed Eustachio
  4737 | D:5      | Killed Eustachio
  4738 | D:5      | Reached skill level 5 in Conjurations
  4949 | D:5      | Reached skill level 5 in Spellcasting
  4949 | D:5      | Reached skill level 7 in Earth Magic
  4949 | D:5      | Reached XP level 8. HP: 41/41 MP: 8/15
  5840 | D:6      | Found a staircase to the Ecumenical Temple.
  5848 | Temple   | Entered the Ecumenical Temple
  5861 | Temple   | Became a worshipper of Gozag Ym Sagoz the Greedy
  6091 | D:6      | Found a sparkling altar of Nemelex Xobeh.
  6205 | D:6      | Reached skill level 8 in Earth Magic
  6473 | D:6      | Reached XP level 9. HP: 45/45 MP: 11/18
  7568 | D:7      | Reached skill level 9 in Earth Magic
  8068 | D:7      | Found Acuentuo's Neck Hole.
  8112 | D:7      | Found the +5 woodcutter's axe
  8322 | D:7      | Noticed Pikel
  8336 | D:7      | Killed Pikel
  8516 | D:7      | Reached skill level 10 in Earth Magic
  8521 | D:7      | Reached XP level 10. HP: 32/50 MP: 6/21
  8639 | D:8      | Noticed a manticore
  8645 | D:8      | HP: 1/50 [manticore (10)]
  8647 | D:8      | Mangled by a manticore

Illustrated notes

Levels and vault maps discovered:
D:1:      dpeg_arrival_solitude, layout_loops_corners, serial_shops, shop, shop
D:2:      layout_loops_cross, serial_shops, shop, uniq_natasha, uniq_robin
D:3:      layout_loops_ring, biasface_ghost_orc_armoury, serial_shops,
          nicolae_shop_tiny_real_fake_doors, uniq_ijyb
D:4:      layout_layer_cave, minmay_gold_behind_fungi
D:5:      layout_loops_ring, kennysheep_generic_room_13, uniq_eustachio
D:6:      minmay_spotlight, layout_loops_corners, overflow_temple_1_default,
          minmay_temple_entry_crystal_x
D:7:      layout_rooms, grunt_ministairs_7, nicolae_shop_sticking_my_neck_out,
          uniq_pikel
D:8:      layout_cave_pools, mainiacjoe_overflow_alcove_1, david_lair_shrubbed,
          uniq_prince_ribbit1
Temple:   compressed_dpeg_triangle_lava_temple

Skill      XL: |  1  2  3  4  5  6  7  8  9 |
---------------+----------------------------+-----
Earth Magic    | 4 5 6 7 8 10 | 10.2
Conjurations   | 2 3 4 5 6 8 |  8.8
Spellcasting   | 3 4 5 6 7 |  7.8
Dodging        | |  1.5
Stealth        | |  2.1

Action                     |  1- 3 |  4- 6 |  7- 9 | 10-12 || total
---------------------------+-------+-------+-------+-------++-------
  Melee: Unarmed           |     2 |       |       |       ||     2
         Short sword       |     2 |       |       |       ||     2
         Dagger            |    14 |    38 |    24 |       ||    76
   Cast: Sandblast         |    43 |    68 |    92 |    12 ||   215
         Stone Arrow       |       |     6 |    53 |     4 ||    63
    Use: Potion            |       |       |       |     1 ||     1
   Stab: Sleeping          |       |       |     1 |       ||     1
 Armour: Robe              |    30 |    40 |    75 |    18 ||   163
  Dodge: Dodged            |    28 |    34 |    68 |     6 ||   136

Table legend: (Time is in decaauts)
 A = Elapsed time spent in this place.
 B = Non-inter-level travel time spent in this place.
 C = Inter-level travel time spent in this place.
 D = Time resting spent in this place.
 E = Time spent auto-exploring this place.
 F = Levels seen in this place.
 G = Mean time per level.
                   A        B        C        D        E       F      G
               +--------+--------+--------+--------+--------+-----+--------+
         Total |   8773 |   8363 |    410 |   1707 |   5222 |   9 |  974.8 |
       Dungeon |   8745 |   8335 |    410 |   1707 |   5222 |   8 | 1093.1 |
        Temple |     27 |     27 |      0 |      0 |      0 |   1 |   27.0 |
               +--------+--------+--------+--------+--------+-----+--------+

Top non-repeatable levels by time:
     D:6: 1785 daAuts
     D:5: 1406 daAuts
     D:4: 1256 daAuts
     D:2: 1092 daAuts
     D:1: 1087 daAuts
     D:7: 1047 daAuts
     D:3: 1024 daAuts
     D:8: 45 daAuts
  Temple: 27 daAuts
